 Dungeon Crawl Stone Soup version 0.18.1-48-g4cf74bf (webtiles) character file.

56 WarriorsX the Slasher (level 4, -1/35 HPs)
             Began as a Human Fighter on July 30, 2016.
             Slain by Natasha (6 damage)
             ... on level 2 of the Dungeon.
             The game lasted 00:01:52 (915 turns).

WarriorsX the Slasher (Human Fighter)                Turns: 915, Time: 00:01:52

Health: -1/35      AC:  0    Str: 17    XL:     4   Next: 17%
Magic:  4/4        EV: 17    Int:  8    God:
Gold:   91         SH:  0    Dex: 13    Spells: 0 memorised, 3 levels left

rFire  . . .     SeeInvis .     (weapon currently unavailable)
rCold  . . .     Gourm    .     (armour currently unavailable)
rNeg   . . .     Faith    .     (shield currently unavailable)
rPois  .         Spirit   .     (helmet currently unavailable)
rElec  .         Dismiss  .     (cloak currently unavailable)
rCorr  .         Reflect  .     (gloves currently unavailable)
SustAt .         Harm     .     (boots currently unavailable)
MR     .....                    (amulet currently unavailable)
Stlth  +.........               (ring currently unavailable)
                                (ring currently unavailable)

@: porcupine-form, slowed, slow, not resistant to hostile enchantments, very
unstealthy
A: no striking features
a: no special abilities


You were on level 2 of the Dungeon.
You were not hungry.
You were a spiny porcupine.
You visited 1 branch of the dungeon, and saw 2 of its levels.

You collected 91 gold pieces.

Inventory:

Hand Weapons
 a - a +0 long sword
 i - a +1 dagger of draining (melded)
 j - a +2 hand axe of chopping
Armour
 b - a +0 scale mail (melded)
 c - a +0 shield (melded)
Scrolls
 h - a scroll of remove curse {unknown}
 k - a scroll of magic mapping {unknown}
 l - a scroll of teleportation {unknown}
 m - a scroll of random uselessness {unknown}
 q - a scroll of recharging {unknown}
Potions
 d - a potion of might
 e - 2 potions of lignification {unknown}
 n - a potion of heal wounds {unknown}
 o - a potion of mutation {unknown}
 p - a potion of invisibility {unknown}
Comestibles
 f - a bread ration
 g - 5 fruits


   Skills:
 - Level 3.0 Fighting
 + Level 1.6(2.8) Short Blades
 + Level 3.6(3.8) Long Blades
 - Level 3.0 Armour
 - Level 3.0 Shields


You had 3 spell levels left.
You didn't know any spells.

Dungeon Overview and Level Annotations

Branches:
Dungeon (2/15)

Altars:
Qazlal
Xom

Annotations:
D:2 Natasha


Message History

Your +1 dagger of draining melds into your body.
Your +0 shield melds into your body.
Your +0 scale mail melds into your body.
Natasha stares at you and mumbles some strange words.
The magic dart hits you!
* * * LOW HITPOINT WARNING * * *
You barely miss Natasha.
Natasha is heavily wounded.
Natasha barely misses you.
You barely miss Natasha.
Natasha is heavily wounded.
Natasha completely misses you.
Natasha zaps a wand.
You resist with some effort.
You hit Natasha but do no damage.
Natasha is heavily wounded.
Natasha zaps a wand.
You resist with some effort.
You hit Natasha but do no damage.
Natasha is heavily wounded.
Natasha barely misses you. Natasha is struck by your spines. Natasha claws you.
You die...

#.# #.# #.# ##### #.#
#...###.# # ###
#.#.....# #.##..
#...##### #.....
#########.## ####.#
#......rh5### #.....
#.....###......####.##.#
..... ....##..†.......
#... #.#.#######.##..
#.. ..#.# ##.#### .# ##
#.#.# #...# #.# ... #
#...# ###.# .# #...#
....###### #_..#


You could see Natasha and a white imp.

Vanquished Creatures
  Natasha (D:2)
  A dart slug (D:1)
  4 bats
  3 giant cockroaches
  5 goblins (D:1)
  3 hobgoblins
  3 jackals (D:1)
  2 giant newts
  2 kobolds
  3 rats
27 creatures vanquished.

Notes
Turn   | Place    | Note
--------------------------------------------------------------
     0 | D:1      | WarriorsX the Human Fighter began the quest for the Orb.
     0 | D:1      | Reached XP level 1. HP: 18/18 MP: 1/1
    38 | D:1      | Reached XP level 2. HP: 19/24 MP: 2/2
   109 | D:1      | Found a shimmering altar of Xom.
   265 | D:1      | Reached XP level 3. HP: 29/29 MP: 3/3
   545 | D:2      | Noticed Natasha
   555 | D:2      | Reached skill level 1 in Short Blades
   570 | D:2      | Killed Natasha
   570 | D:2      | Reached XP level 4. HP: 14/35 MP: 4/4
   771 | D:2      | Found a stormy altar of Qazlal.
   889 | D:2      | Noticed Natasha
   915 | D:2      | Slain by Natasha

Skill      XL: |  1  2  3 |
---------------+----------+-----
Long Blades    | 3 |  3.6
Short Blades   | 1 |  1.6
Fighting       | |  3.0
Armour         | |  3.0
Shields        | |  3.0

Action                   |  1- 3 |  4- 6 || total
-------------------------+-------+-------++-------
Melee: Long sword        |    13 |       ||    13
       Dagger            |    67 |    24 ||    91
       Unarmed           |       |     4 ||     4
Armor: Scale mail        |    30 |     6 ||    36
Dodge: Dodged            |    21 |     7 ||    28
Block: Shield            |    32 |     4 ||    36
